 Dungeon Crawl Stone Soup version 0.16-a0-1009-g0339a9e (console) character file.

182889 MrRokkomies the Severer (level 18, -4/149 HPs)
             Began as a Formicid Fighter on Sept 28, 2014.
             Was the Champion of Ru.
             Killed by the raging water
             ... invoked by a water nymph
              (13 damage)
             ... on Level 3 of the Shoals on Oct 3, 2014.
             The game lasted 03:44:00 (42105 turns).

MrRokkomies the Severer (Formicid Fighter)         Turns: 42105, Time: 03:44:00

HP  -4/149       AC 23     Str 30      XL: 18   Next: 61%
MP  32/32        EV  6     Int 12      God: Ru [******]
Gold 1336        SH 17     Dex 15      Spells:  2 memorised,  9 levels left

rFire  + . .     SeeInvis +     a - +5 battleaxe (elec)
rCold  + + .     Clarity  .     B - +2 chain mail {rPois}
rNeg   + . .     rCorr    +     s - +2 shield
rPois  +         rRot     .     (helmet unavailable)
rElec  +         Spirit   .     l - +0 cloak of the Tundras {rPois MR++ SInv}
SustAb .         Warding  +     H - +1 pair of gloves {Str+3}
rMut   .         Stasis   +     I - +2 pair of boots
Gourm  .                        Z - amulet "Gyegiups" {Ward rN+ MR++}
MR     +++++                    t - ring of protection from cold
                                y - +4 ring of dexterity

@: mighty, exhausted, resistant, manticore barbs, no scrolls, very slightly
contaminated, drained, invisible, almost entirely resistant to hostile
enchantments, extremely unstealthy
A: permanent stasis, dig shafts and tunnels, four strong arms, antennae 3,
clumsy 1, spit poison 1, wild magic 1, inability to read while threatened, no
stealth, hated by all, inability to train dodging, no air magic, no conjurations
magic, no transmutations magic, slow reflexes 1, disrupted magic 1
a: Dig, Shaft Self, Spit Poison, Draw Out Power, Power Leap, Apocalypse,
Renounce Religion
}: 1/15 runes: gossamer


You were on level 3 of the Shoals.
You worshipped Ru.
Ru was exalted by your worship.
You were not hungry.

You visited 6 branches of the dungeon, and saw 36 of its levels.

You collected 2978 gold pieces.
You spent 1642 gold pieces at shops.

Inventory:

Hand weapons
 a - a +5 battleaxe of electrocution (weapon)
 b - a +0 arbalest of velocity
 n - a +4 blowgun
Missiles
 D - 9 curare-tipped needles
 M - 12 bolts of flame
 N - 10 poisoned bolts
 O - 177 bolts
Armour
 l - the +0 cloak of the Tundras (worn) {rPois MR++ SInv}
   (You bought it in a shop on level 11 of the Dungeon)

   It protects you from poison.
   It affects your resistance to hostile enchantments.
   It enhances your eyesight.
 s - a +2 shield (worn)
 B - a +2 chain mail of poison resistance (worn)
 H - a +1 pair of gloves of strength (worn)
 I - a +2 pair of boots (worn)
Magical devices
 c - a wand of paralysis (13)
 r - a wand of teleportation (0)
 C - a wand of disintegration (4)
 L - a wand of cold (8)
 P - a wand of invisibility (6)
 R - a wand of fire (10)
 U - a wand of digging (11)
Comestibles
 d - 17 bread rations
 m - a rotting chunk of merfolk flesh
 p - 8 meat rations
 Q - 19 fruits
Scrolls
 g - 10 scrolls of identify
 h - 3 scrolls of fear
 i - 9 scrolls of remove curse
 j - a scroll of enchant armour
 k - a scroll of recharging
 A - 2 scrolls of magic mapping
 F - 5 scrolls of immolation
Jewellery
 f - the ring "Haegaol" {rF+ SInv}
   (You found it on level 10 of the Dungeon)

   [ring of see invisible]

   It protects you from fire.
   It enhances your eyesight.
 t - a ring of protection from cold (right hand)
 y - a +4 ring of dexterity (left hand)
 S - an uncursed ring of protection from fire
 Z - the amulet "Gyegiups" (around neck) {Ward rN+ MR++}
   (You found it on level 8 of the Lair of Beasts)

   [amulet of warding]

   It may prevent the melee attacks of summoned creatures.
   It protects you from negative energy.
   It affects your resistance to hostile enchantments.
Potions
 o - a potion of resistance
 q - 2 potions of might
Miscellaneous
 V - a lantern of shadows
Rods
 v - a +2 lightning rod (3/13)
   (You bought it in a shop on level 2 of the Orcish Mines)


   Skills:
 - Level 15.1(14.7) Fighting
   Level 3.6(3.3) Long Blades
 * Level 16.6(16.2) Axes
 - Level 10.0(9.6) Crossbows
 * Level 15.7(15.3) Armour
 - Level 15.0(14.6) Shields
 - Level 10.0(9.6) Evocations


You had 9 spell levels left.
You knew the following spells:

 Your Spells              Type           Power        Failure   Level  Hunger
a - Lee's Rapid Deconstr  Erth           #.........   100%        5    ######.
b - Abjuration            Summ           #.........   100%        3    ####...


Dungeon Overview and Level Annotations

Branches:
Dungeon (15/15)            Temple (1/1) D:6             Orc (4/4) D:10
    Elf (0/3) Orc:4          Lair (8/8) D:8          Shoals (3/5) Lair:3
 Spider (5/5) Lair:4        Slime (0/6) Lair:8       Vaults (0/5) D:14
 Depths (0/5) D:15

Altars:
Ashenzari
Cheibriados
Dithmenos
Elyvilon
Fedhas
Gozag
Makhleb
Okawaru
Qazlal
Ru
Trog
Vehumet
Xom
Zin
The Shining One
Beogh
Jiyva

Shops:
D:5 !   D:10 (   D:11 (?[[[   Orc:1 [   Orc:2 ((%(}   Orc:4 (%}

Annotations:
Shoals:3 Nikola


Innate Abilities, Weirdness & Mutations

Your are under a permanent stasis effect.
You can dig through walls and to a lower floor.
Your four strong arms can wield two-handed weapons with a shield.
You have a pair of large antennae on your head (SInv).
You cannot read scrolls while threatened.
You cannot be stealthy.
You are hated by all.
You cannot train Dodging.
You cannot study or cast Air magic.
You cannot study or cast Conjurations magic.
You cannot study or cast Transmutations magic.
You have somewhat slow reflexes. (-3 EV)
Your casting is slightly disrupted.
You are clumsy. (Dex -2)
You can spit poison.
Your spells are a little harder to cast, but a little more powerful.


Message History

Okay, then.
Unknown command.
You cannot read scrolls in your current state!
Evoke which item? (* to show all) (? for menu, Esc to quit)
Zapping:
r - a wand of teleportation {zapped: 3}
Press: ? - help, Shift-Dir - straight line, f - Nikola
Aim: Nikola, wielding a cutlass of electrocution, wearing a cloak and wearing a pair of faintly glowing gloves (heavily wounded) Nikola resists with almost no effort.
The siren chants a haunting song.
You resist.
The merfolk hits you but does no damage.
You block Nikola's attack. The water nymph touches you.
The water nymph drowns you!
* * * LOW HITPOINT WARNING * * *
The water nymph is blinded in retribution by your aura!
Your unstable footing causes you to fumble your attack.
The merfolk closely misses you.
The water nymph points at you and mumbles some strange words.
The water swirls and strikes you!
You die...

. ≈≈≈≈≈≈≈≈≈≈≈.###
≈≈≈..≈≈≈≈≈≈.≈≈≈≈≈.# #
≈≈≈....≈≈≈≈≈≈≈≈≈≈..###
≈≈≈≈≈≈.≈≈≈≈≈≈≈≈≈≈≈....)
≈≈≈≈≈≈≈≈.≈≈≈≈≈≈≈≈≈≈...).
..≈≈≈≈≈≈...≈≈≈≈≈≈≈≈≈≈≈≈≈
.......#.....≈≈≈≈≈≈≈≈≈≈≈
.....≈≈m##m≈...(≈≈...≈≈≈≈
...≈..≈)@%.(m..(.....≈≈≈≈
##..≈.###@≈.≈(......≈≈≈≈≈
#.. #.≈≈(≈≈..≈≈≈≈.≈PP #
......≈≈≈≈≈≈≈<..≈..
≈.......≈.≈≈≈≈.....P
≈≈≈...#.≈≈≈≈≈......)
≈≈...#.≈≈≈≈.......#
≈....≈≈≈≈.......#
....≈≈..##..


You could see Nikola, a merfolk, a water nymph (blind) and a siren.

Vanquished Creatures
  Asterion (Spider:4)
  A spectral weapon (Spider:4)
  5 ghost moths
  Roxanne (Spider:1)
  Donald (Spider:5)
  6 emperor scorpions
  2 merfolk impalers
  A yaktaur captain (D:15)
  8 hydras
  A merfolk avatar (Shoals:1)
  Nessos (Orc:4)
  The ghost of hunterx7d the Hoplite, a powerful MiFi of Ru (D:10)
  Erica (Orc:2)
  The ghost of aredel the Fighter, a powerful GrFi of Okawaru (Lair:3)
  2 centaur warriors
  A merfolk aquamancer (Shoals:3)
  2 dancing weapons (D:14)
  A satyr (Shoals:3)
  14 death yaks
  3 orc high priests (Orc:4)
  3 catoblepae (Lair:8)
  7 sea snakes
  10 orb spiders
  5 hill giants
  2 unseen horrors
  Pikel (D:4)
  10 orc knights
  4 harpies (Shoals:1)
  5 orc sorcerers
  29 wolf spiders
  8 manticores
  5 fauns
  7 ugly things
  A drowned soul (Shoals:1)
  3 cyclopes
  An elephant (Lair:7)
  9 red wasps (Spider:5)
  Joseph (Orc:4)
  3 sirens
  2 moths of wrath
  20 spiny frogs
  A torpor snail (Spider:3)
  2 kobold demonologists (D:11)
  5 black mambas
  17 demonic crawlers
  A yaktaur (D:15)
  2 fire drakes
  10 komodo dragons
  26 jumping spiders
  Grinder (D:4)
  2 tengu conjurers
  2 polar bears
  A queen bee (Lair:2)
  Sonja (D:11)
  9 merfolk
  23 blink frogs
  Prince Ribbit (D:5)
  A two-headed ogre (D:12)
  2 trolls
  8 ravens
  6 slime creatures
  4 snapping turtles (Shoals:1)
  73 redbacks
  22 trapdoor spiders
  27 yaks
  A shadow (D:11)
  6 water elementals
  A wraith (D:14)
  A basilisk (Lair:4)
  22 tarantellas
  3 vampire mosquitoes (D:13)
  3 wyverns
  3 hungry ghosts
  6 wolves (Lair:1)
  8 hippogriffs
  2 fire bats (Lair:1)
  4 wargs
  2 steam dragons
  6 porcupines
  11 water moccasins
  4 black bears
  35 orc warriors
  A necrophage (D:8)
  3 sky beasts
  5 ogres
  41 spiders
  9 ice beasts
  2 phantoms
  4 slaves (D:4)
  2 yellow wasps
  12 centaurs
  4 boring beetles
  A brain worm (D:15)
  18 giant frogs
  9 crocodiles
  7 big kobolds
  A yaktaur skeleton (D:15)
  A cyclops skeleton (D:10)
  5 scorpions
  4 wights
  An eye of draining (D:11)
  26 killer bees
  3 electric eels
  A hippogriff skeleton (D:7)
  A troll skeleton (D:11)
  A tengu skeleton (D:13)
  A centaur zombie (D:9)
  10 crimson imps
  The ghost of Nagocixim the Caller, a weakling DESu (D:3)
  A quasit (D:6)
  A black bear zombie (D:7)
  2 centaur skeletons
  A goliath beetle (D:6)
  A giant frog zombie (D:5)
  8 jellies
  An elf zombie (D:7)
  A giant frog skeleton (D:8)
  8 iguanas
  12 hounds
  22 orc priests
  18 orc wizards
  A gnoll shaman (D:6)
  An elf skeleton (D:13)
  10 worker ants
  8 sheep
  An ogre zombie (D:8)
  A mummy (D:6)
  12 gnolls
  71 green rats
  8 orc zombies
  24 adders
  2 giant mites
  A white imp (D:11)
  4 worms
  2 ufetubi (D:11)
  3 giant geckos
  14 oozes
  167 orcs
  A ball python (D:2)
  A bat skeleton (D:4)
  7 giant cockroaches
  19 hobgoblins
  13 jackals
  28 kobolds
  9 quokkas
  19 bats
  4 giant newts
  2 giant spores (D:10)
  25 goblins
  A hobgoblin skeleton (D:6)
  A hobgoblin zombie (D:7)
  2 orc skeletons
  A quokka skeleton (D:9)
  16 rats
  A rat zombie (D:8)
  5 ballistomycetes (D:10)
  9 fungi
  9 plants
1308 creatures vanquished.

Vanquished Creatures (others)
  2 death yaks (Lair:8)
  An orc high priest (Orc:4)
  A sea snake (Shoals:3)
  A torpor snail (Spider:2)
  A merfolk (Shoals:3)
  A troll (D:15)
  A redback (Spider:1)
  A yak (Lair:8)
  A fire bat (Lair:1)
  3 tarantellas
  An orc wizard (Orc:4)
  6 fungi
  2 plants (Shoals:2)
22 creatures vanquished.

Grand Total: 1330 creatures vanquished

Notes
Turn   | Place    | Note
--------------------------------------------------------------
     0 | D:1      | MrRokkomies, the Formicid Fighter, began the quest for the Orb.
     0 | D:1      | Reached XP level 1. HP: 18/18 MP: 1/1
    74 | D:1      | Reached XP level 2. HP: 21/25 MP: 3/3
   501 | D:1      | Reached skill level 4 in Fighting
   501 | D:1      | Reached XP level 3. HP: 28/30 MP: 4/4
  1042 | D:2      | Reached XP level 4. HP: 19/38 MP: 5/5
  1187 | D:2      | Found a shattered altar of Ashenzari.
  1453 | D:2      | Found a snail-covered altar of Cheibriados.
  1622 | D:2      | Reached XP level 5. HP: 36/43 MP: 7/7
  2065 | D:3      | Reached skill level 5 in Fighting
  2559 | D:3      | Reached skill level 1 in Axes
  2809 | D:3      | Noticed Nagocixim's ghost (weakling DESu)
  2824 | D:3      | Killed Nagocixim's ghost
  2824 | D:3      | Reached XP level 6. HP: 40/52 MP: 8/8
  3056 | D:4      | Noticed Grinder
  3069 | D:4      | Killed Grinder
  3069 | D:4      | Reached skill level 6 in Fighting
  3069 | D:4      | Reached XP level 7. HP: 44/59 MP: 9/9
  3279 | D:4      | Noticed a slave
  3303 | D:4      | Killed a slave
  3323 | D:4      | Noticed a slave
  3324 | D:4      | Noticed Pikel
  3329 | D:4      | Noticed a slave
  3336 | D:4      | Noticed a slave
  3337 | D:4      | Killed a slave
  3339 | D:4      | Killed a slave
  3360 | D:4      | Killed a slave
  3368 | D:4      | Killed Pikel
  3368 | D:4      | Reached skill level 8 in Fighting
  3368 | D:4      | Reached skill level 5 in Axes
  3368 | D:4      | Reached XP level 8. HP: 32/68 MP: 11/11
  3627 | D:4      | Found a radiant altar of Vehumet.
  3973 | D:4      | Found a white marble altar of Elyvilon.
  4126 | D:5      | Entered Level 5 of the Dungeon
  4291 | D:5      | Upgraded the game from 0.16-a0-791-gf1c67de to 0.16-a0-910-g739c61c
  4751 | D:5      | Found a blossoming altar of Fedhas.
  4817 | D:5      | Found a shimmering altar of Xom.
  4817 | D:5      | Found an opulent altar of Gozag.
  4841 | D:5      | Reached skill level 9 in Fighting
  4841 | D:5      | Reached XP level 9. HP: 74/76 MP: 12/12
  4950 | D:5      | Noticed Prince Ribbit
  4965 | D:5      | Killed Prince Ribbit
  5085 | D:5      | Found Plugro Raco's Distillery.
  5280 | D:6      | Found a staircase to the Ecumenical Temple.
  5290 | Temple   | Entered the Ecumenical Temple
  5307 | Temple   | Became a worshipper of Ru the Awakened
  5721 | D:6      | Reached skill level 10 in Fighting
  5928 | D:6      | Found a burning altar of Makhleb.
  6362 | D:7      | Reached XP level 10. HP: 67/86 MP: 13/13
  7159 | D:8      | Reached skill level 5 in Armour
  7264 | D:8      | Found a shadowy altar of Dithmenos.
  7482 | D:8      | Found a staircase to the Lair.
  7662 | D:8      | Found a glowing silver altar of Zin.
  7676 | D:8      | Found a stormy altar of Qazlal.
  7782 | D:8      | Gained mutation: You cannot be stealthy. [Ru sacrifice]
  7782 | D:8      | Acquired Ru's first power
  8474 | D:9      | Reached skill level 10 in Axes
  8829 | D:9      | Reached XP level 11. HP: 56/92 MP: 15/15
  9274 | D:9      | Noticed a manticore
  9294 | D:9      | Killed a manticore
  9837 | D:9      | Reached skill level 11 in Axes
 10014 | D:9      | Upgraded the game from 0.16-a0-910-g739c61c to 0.16-a0-922-gae79c9c
 10015 | D:9      | Gained mutation: Your flesh is heat resistant. [potion of mutation]
 10015 | D:9      | Gained mutation: You can spit poison. [potion of mutation]
 10015 | D:9      | Gained mutation: You are clumsy. (Dex -2) [potion of mutation]
 10016 | D:9      | Lost mutation: Your flesh is heat resistant. [potion of mutation]
 10016 | D:9      | Gained mutation: Your spells are a little harder to cast, but a little more powerful. [potion of mutation]
 10036 | D:10     | Entered Level 10 of the Dungeon
 10072 | D:10     | Noticed hunterx7d's ghost (powerful MiFi)
 10092 | D:10     | Killed hunterx7d's ghost
 10186 | D:10     | Noticed a hill giant
 10269 | D:10     | Noticed an orc knight
 10273 | D:10     | Noticed an orc knight
 10568 | D:9      | Killed an orc knight
 10918 | D:10     | Found a staircase to the Orcish Mines.
 11348 | D:10     | Killed an orc knight
 11553 | D:10     | Found a roughly hewn altar of Beogh.
 11660 | D:10     | Gained mutation: You cannot train Dodging. [Ru sacrifice]
 11660 | D:10     | Acquired Ru's second power
 11874 | D:10     | Noticed a hill giant
 11885 | D:10     | Killed a hill giant
 11887 | D:10     | Reached skill level 10 in Armour
 12029 | D:10     | Got a pitted granite ring
 12030 | D:10     | Identified the ring "Haegaol" {rF+ SInv} (You found it on level 10 of the Dungeon)
 12276 | D:10     | Noticed an unseen horror
 12280 | D:10     | Found Straol's Antique Weapon Emporium.
 12287 | D:10     | Killed an unseen horror
 12566 | D:10     | Reached skill level 12 in Axes
 12704 | D:11     | Noticed an unseen horror
 12719 | D:11     | Noticed an ice devil
 13011 | D:11     | Killed an unseen horror
 13011 | D:11     | Reached XP level 12. HP: 99/99 MP: 16/16
 13026 | D:11     | Noticed a sun demon
 13176 | D:11     | Reached skill level 5 in Shields
 13379 | D:11     | Found Maacuk's Antique Armour Shoppe.
 13405 | D:11     | Bought a pair of embroidered gloves for 153 gold pieces
 13566 | D:11     | Found Noczez's Armour Emporium.
 13575 | D:11     | Bought a +2 pair of boots for 165 gold pieces
 13587 | D:11     | Noticed Sonja
 13632 | D:11     | Killed Sonja
 13752 | D:11     | Found Chinguiq's Armour Shoppe.
 14025 | D:11     | Found Kevaurph's Antique Weapon Emporium.
 14033 | D:11     | Bought an arbalest for 144 gold pieces
 14037 | D:11     | Found Hiow's Magic Scroll Shop.
 14814 | Lair:1   | Entered Level 1 of the Lair of Beasts
 14823 | D:8      | Reached skill level 13 in Axes
 14902 | Lair:1   | Gained mutation: You have somewhat slow reflexes. (-3 EV) [Ru sacrifice]
 16152 | Lair:2   | Gained mutation: You cannot study or cast Conjurations magic. [Ru sacrifice]
 16152 | Lair:2   | Gained mutation: You cannot study or cast Transmutations magic. [Ru sacrifice]
 16152 | Lair:2   | Gained mutation: You cannot study or cast Air magic. [Ru sacrifice]
 16152 | Lair:2   | Acquired Ru's third power
 16152 | Lair:2   | Acquired Ru's fourth power
 16472 | Lair:2   | Reached XP level 13. HP: 104/104 MP: 17/17
 17155 | Lair:2   | Found a shattered altar of Ashenzari.
 17625 | Lair:3   | Reached skill level 14 in Axes
 17634 | Lair:3   | Noticed aredel's ghost (powerful GrFi)
 17651 | Lair:3   | Killed aredel's ghost
 17681 | Lair:3   | Reached skill level 10 in Shields
 17689 | Lair:3   | Found a staircase to the Shoals.
 17762 | Lair:3   | Gained mutation: You cannot read scrolls while threatened. [Ru sacrifice]
 17762 | Lair:3   | Acquired Ru's fifth power
 18610 | Lair:4   | Upgraded the game from 0.16-a0-922-gae79c9c to 0.16-a0-956-g65bd446
 18684 | Lair:4   | Found a hole to the Spider Nest.
 19628 | Lair:5   | Gained mutation: You are hated by all. [Ru sacrifice]
 20217 | Lair:6   | Reached skill level 15 in Axes
 20334 | Lair:6   | Reached XP level 14. HP: 101/111 MP: 18/18
 22074 | Lair:7   | Gained mutation: Your casting is slightly disrupted. [Ru sacrifice]
 22099 | Lair:7   | Reached skill level 16 in Axes
 22828 | Lair:8   | Entered Level 8 of the Lair of Beasts
 22982 | Lair:8   | Reached skill level 1 in Crossbows
 23194 | Lair:8   | Found a staircase to the Slime Pits.
 24219 | Lair:8   | Reached XP level 15. HP: 83/117 MP: 19/19
 24537 | Lair:8   | Got a pitted tin amulet
 24538 | Lair:8   | Identified the amulet "Gyegiups" {Ward rN+ MR++} (You found it on level 8 of the Lair of Beasts)
 24990 | Lair:1   | Reached skill level 15 in Shields
 25231 | D:11     | Reached skill level 5 in Crossbows
 25246 | D:11     | Bought the cursed +0 cloak of the Tundras {rPois MR++ SInv} for 430 gold pieces
 25360 | Orc:1    | Entered Level 1 of the Orcish Mines
 25480 | Orc:2    | Found Xenahobe's Food Shop.
 25491 | Orc:2    | Found Ocleremp's Antique Weapon Emporium.
 25505 | Orc:2    | Found Venwot Geok's Weapon Shop.
 25658 | Orc:2    | Found Aqirudor's Weapon Boutique.
 25742 | Orc:2    | Found Umylas' Gadget Shoppe.
 25751 | Orc:2    | Noticed Erica
 25767 | Orc:2    | Killed Erica
 25767 | Orc:2    | Reached skill level 1 in Evocations
 26143 | Orc:1    | Found Fiapoy's Armour Boutique.
 27349 | Orc:4    | Entered Level 4 of the Orcish Mines
 27430 | Orc:4    | Found a staircase to the Elven Halls.
 27431 | Orc:4    | Noticed Nessos
 27695 | Orc:4    | Killed Nessos
 27775 | Orc:4    | Reached skill level 5 in Evocations
 28036 | Orc:4    | Upgraded the game from 0.16-a0-956-g65bd446 to 0.16-a0-967-g37ceb3c
 28618 | Orc:4    | Found a roughly hewn altar of Beogh.
 28619 | Orc:4    | Noticed Joseph
 28639 | Orc:4    | Killed Joseph
 28779 | Orc:4    | Found Zeeb's Food Boutique.
 28781 | Orc:4    | Found Cowism's Gadget Emporium.
 28782 | Orc:4    | Found Aracki Tiant's Antique Weapon Boutique.
 28784 | Orc:4    | Found Psut's Food Emporium.
 28851 | Orc:2    | Bought a +0 lightning rod (10/10) for 750 gold pieces
 29578 | D:12     | Got a heavily runed chain mail
 29587 | D:12     | Identified the cursed -5 chain mail of the Salmon {MR+} (You found it on level 12 of the Dungeon)
 30662 | D:14     | Reached XP level 16. HP: 64/124 MP: 29/29
 31098 | D:14     | Found a gate to the Vaults.
 31107 | D:14     | Found a blossoming altar of Fedhas.
 31242 | D:15     | Entered Level 15 of the Dungeon
 31656 | D:15     | Found a staircase to the Depths.
 32608 | Spider:1 | Entered Level 1 of the Spider Nest
 32765 | Spider:1 | Reached skill level 10 in Evocations
 32878 | Spider:1 | Reached skill level 10 in Crossbows
 33222 | Spider:1 | Noticed Roxanne
 33265 | Spider:1 | Killed Roxanne
 33275 | Spider:1 | Identified Roxanne's Compendium of the Excruciating Rocks (You took it off Roxanne on level 1 of the Spider Nest)
 33282 | Spider:1 | Learned a level 5 spell: Lee's Rapid Deconstruction
 33898 | Spider:2 | Learned a level 3 spell: Abjuration
 35762 | Spider:4 | Noticed Asterion
 35766 | Spider:4 | Noticed a spectral weapon
 35767 | Spider:4 | Reached XP level 17. HP: 127/135 MP: 0/31
 35780 | Spider:4 | Killed a spectral weapon
 35782 | Spider:4 | Killed Asterion
 37150 | Spider:5 | Entered Level 5 of the Spider Nest
 37687 | Spider:5 | Noticed Donald
 37717 | Spider:5 | Killed Donald
 38027 | Spider:5 | Identified a scroll of acquirement
 38888 | Spider:5 | Reached XP level 18. HP: 103/147 MP: 0/32
 39049 | Spider:5 | Got a gossamer rune of Zot
 39260 | Spider:5 | Reached skill level 15 in Fighting
 39919 | Shoals:1 | Entered Level 1 of the Shoals
 40042 | Shoals:1 | Reached skill level 15 in Armour
 41043 | Shoals:2 | Upgraded the game from 0.16-a0-967-g37ceb3c to 0.16-a0-1009-g0339a9e
 42087 | Shoals:3 | Noticed Nikola
 42094 | Shoals:3 | HP: 7/149 [drowned by a water nymph (9)]
 42094 | Shoals:3 | HP: 2/149 [Nikola/bolt of lightning (5)]
 42105 | Shoals:3 | Killed from afar by a water nymph

Action                   |  1- 3 |  4- 6 |  7- 9 | 10-12 | 13-15 | 16-18 || total
-------------------------+-------+-------+-------+-------+-------+-------++-------
Melee: Long sword        |    92 |    87 |       |       |     1 |       ||   180
       Broad axe         |       |   144 |   240 |   941 |   970 |       ||  2295
       Battleaxe         |       |       |       |       |   484 |  1029 ||  1513
 Fire: Blowgun           |       |     3 |    43 |   131 |    38 |       ||   215
       Arbalest          |       |       |       |       |    24 |   118 ||   142
Throw: Javelin           |       |       |       |    15 |       |       ||    15
       Tomahawk          |       |       |       |     4 |     7 |       ||    11
       Throwing net      |       |       |       |       |       |     3 ||     3
Invok: Sacrifice Stealth |       |       |       |     1 |       |       ||     1
       Sacrifice Nimblen |       |       |       |     1 |       |       ||     1
       Sacrifice Health  |       |       |       |     1 |       |       ||     1
       Sacrifice Arcana  |       |       |       |     1 |       |       ||     1
       Power Leap        |       |       |       |       |     9 |     4 ||    13
       Sacrifice Words   |       |       |       |       |     1 |       ||     1
       Sacrifice Love    |       |       |       |       |     1 |       ||     1
       Draw Out Power    |       |       |       |       |     4 |     3 ||     7
       Apocalypse        |       |       |       |       |     2 |     2 ||     4
       Sacrifice Essence |       |       |       |       |     1 |       ||     1
 Abil: Dig               |       |       |       |     9 |     9 |     5 ||    23
       Spit Poison       |       |       |       |     3 |       |       ||     3
Evoke: Wand              |       |     2 |     1 |     5 |    36 |     6 ||    50
       Rod               |       |       |       |       |     3 |     9 ||    12
  Use: Scroll            |     6 |     7 |     7 |     9 |    18 |     5 ||    52
       Potion            |       |     1 |       |     8 |     3 |    21 ||    33
 Stab: Fleeing           |       |     1 |       |       |       |       ||     1
       Distracted        |       |       |       |     2 |     7 |     3 ||    12
       Invisible         |       |       |       |     1 |    13 |    19 ||    33
       Paralysed         |       |       |       |       |     5 |     4 ||     9
       Confused          |       |       |       |       |       |     1 ||     1
  Eat: Chunk             |       |     8 |     9 |    30 |    40 |    23 ||   110
       Pizza             |       |       |     1 |       |     1 |     2 ||     4
       Fruit             |       |       |       |     5 |       |     1 ||     6
       Beef jerky        |       |       |       |     1 |       |     5 ||     6
       Meat ration       |       |       |       |       |     1 |       ||     1
       Bread ration      |       |       |       |       |       |     1 ||     1
